 Dungeon Crawl Stone Soup version 0.29.1-15-g9cfb28693d (webtiles) character file.

Game seed: 1961966057414100595

11 Ast3rio the Shield-Bearer (level 2, 13/13 (25) HPs)
             Began as a Formicid Fighter on Mar 2, 2023.
             Quit the game on level 1 of the Dungeon.
             The game lasted 00:02:02 (871 turns).

Ast3rio the Shield-Bearer (Formicid Fighter)         Turns: 871, Time: 00:02:02

HP:   13/13 (25)    AC:  6    Str: 20    XL:     2   Next: 35%
MP:   2/2           EV:  9    Int:  7    God:
Gold: 51            SH:  5    Dex: 13    Spells: 1/1 levels left

rFire   . . .      SeeInvis +   a - +0 trident
rCold   . . .      Faith    .   c - +0 buckler
rNeg    . . .      Spirit   .   b - +0 scale mail
rPois   .          Reflect  .   (helmet unavailable)
rElec   .          Harm     .   (no cloak)
rCorr   .          Rampage  .   (no gloves)
Will    .....                   (no boots)
Stlth   ..........              (no amulet)
HPRegen 0.04/turn               (no ring)
MPRegen 0.08/turn               (no ring)

@: very heavily drained
A: permanent stasis, dig shafts and tunnels, antennae 3, four strong arms
a: Dig, Shaft Self


You were on level 1 of the Dungeon.
You visited 1 branch of the dungeon, and saw 1 of its levels.

You collected 51 gold pieces.

Inventory:

Hand Weapons
 a - a +0 trident (weapon)
Armour
 b - a +0 scale mail (worn)
 c - a +0 buckler (worn)
Jewellery
 g - an amulet of faith
 h - a ring of willpower
Scrolls
 i - a scroll of identify {unknown}
 j - a scroll of teleportation {unknown}
Potions
 d - a potion of might
 e - a potion of heal wounds {unknown}
 f - a potion of curing {unknown}


   Skills:
 + Level 3.7 Fighting
 + Level 2.1 Polearms
 + Level 3.4 Armour
 + Level 4.1 Shields


You had one spell level left.
You didn't know any spells.
Your spell library contained the following spells:

 Spells                   Type           Power      Damage    Failure   Level
 Animate Armour           Summ/Erth      0%         N/A       100%        4
 Blade Hands              Tmut           0%         N/A       100%        5
 Iron Shot                Conj/Erth      0%         9d1       100%        6


Dungeon Overview and Level Annotations

Branches:
Dungeon (1/15)

Altars:


Innate Abilities, Weirdness & Mutations

You cannot be hasted, slowed, berserked, paralysed or teleported.
You can dig through walls and to a lower floor.
You have a pair of large antennae on your head. (SInv)
Your four strong arms can wield two-handed weapons with a shield.


Message History

You sense a monster nearby.
No target in view!
No target in view!
A rat comes into view.
An endoplasm comes into view.
The endoplasm quivers.
You closely miss the rat. The rat barely misses you.
You puncture the rat!
You kill the rat!
You reach to attack!
You puncture the endoplasm!
You kill the endoplasm!
No target in view!
A kobold comes into view. It is wielding a +0 short sword.
The kobold shouts!
You reach to attack!
You hit the kobold.
You kill the kobold!
No target in view!
You see here a +0 short sword.
You see here a +0 short sword.
You now have 51 gold pieces (gained 7).
You see here a +0 war axe.
j - a scroll labelled RAGIUT SIMOKOY
Found 5 boomerangs.
Done exploring.
Done exploring.
You extend your mandibles.
You dig through the rock wall.
You feel drained.
You dig through the rock wall.
You feel drained.
You dig through the rock wall.
You feel drained.
You dig through the rock wall.
You feel drained.
You dig through the rock wall.
You feel drained.
You dig through the rock wall.
You feel drained.
You dig through the rock wall.
You feel drained.
You dig through the rock wall.
You feel drained.
You retract your mandibles.
You extend your mandibles.
This wall is too hard to dig through.
There is a faded altar of an unknown god here.
There is a dry fountain here.
Are you sure you want to abandon this character and quit the game? (Confirm with "yes".)

#.....####.......# #..##
#.....# ####.##.# #....
###.#########.##.####.###
#...........##.#....#
#.############.#.#### ###.#
#.#.# #...# #.#.#
####.#.######## #.#.#
#.......>..@..#####.#.##
#.##....#.#............#####
#.##.#....#.#.#####.........
#......................#####
#.##....##......###.#.##
#.##...[##......# #.###
#...............# #.#
####..#.........# #.#
#.......#....###.##


There were no monsters in sight!

Vanquished Creatures
  A dart slug (D:1)
  An endoplasm (D:1)
  A hobgoblin (D:1)
  3 frilled lizards (D:1)
  2 kobolds (D:1)
  3 rats (D:1)
11 creatures vanquished.

Notes
Turn   | Place    | Note
-------+----------+-------------------------------------------
     0 | D:1      | Ast3rio the Formicid Fighter began the quest for the Orb.
     0 | D:1      | Reached XP level 1. HP: 18/18 MP: 1/1
   132 | D:1      | Found a faded altar of an unknown god.
   496 | D:1      | Reached XP level 2. HP: 15/25 MP: 2/2
   871 | D:1      | Quit the game

Illustrated notes

Levels and vault maps discovered:
D:1:      dpeg_arrival_fog, layout_loops_ring,
          hellmonk_ecumenical_altar_run_dry,
          hangedman_abyss_or_decor_lesser_grid

Action                   || total
-------------------------++-------
Melee: Trident           ||    24
 Abil: Dig               ||     2
Armor: Scale mail        ||     1
Dodge: Dodged            ||     6
Block: Buckler           ||     1
